 Dungeon Crawl Stone Soup version 0.29-a0-721-g7f417c9bbb (webtiles) character file.

Game seed: 6709315063474593424

159812 drugrobin the Severer (level 16, -19/156 (157) HPs)
             Began as a Demigod Fighter on June 27, 2022.
             Killed from afar by a deep elf knight (27 damage)
             ... with a shard of ice
             ... on level 2 of the Elven Halls.
             The game lasted 02:13:02 (51902 turns).

drugrobin the Severer (Demigod Fighter)            Turns: 51902, Time: 02:13:03

HP:   -19/156 (157) AC: 23    Str: 35    XL:     16   Next: 62%
MP:   30/30         EV:  8    Int: 26    God:
Gold: 2247          SH: 10    Dex: 16    Spells: 28/28 levels left

rFire   + . .      SeeInvis .   a - +6 demon whip (elec)
rCold   + . .      Faith    .   j - +0 buckler
rNeg    . . .      Spirit   .   q - +0 plate armour of the Game of Kings {rElec Str+2 Int+2}
rPois   +          Reflect  +   z - +0 helmet
rElec   +          Harm     .   H - scarf {rC+ rF+}
rCorr   .          Rampage  .   p - +2 pair of gloves {Dex+3}
Will    +++..                   k - +1 pair of boots of Calculation {Will++}
Stlth   ..........              Y - amulet of reflection
HPRegen 0.36/turn               P - ring "Gotaerao" {rPois Str+4 Int+6}
MPRegen 0.22/turn               g - +4 ring of slaying

@: about to teleport, hasted, lightly drained, very quick
A: high MP 1, forlorn, divine attributes
a: no special abilities


You were on level 2 of the Elven Halls.
You visited 6 branches of the dungeon, and saw 31 of its levels.
You also visited: Sewer and Gauntlet.

You collected 2894 gold pieces.
You spent 647 gold pieces at shops.

Inventory:

Hand Weapons
 a - a +6 demon whip of electrocution (weapon)
 b - a +3 vorpal broad axe
 d - a +2 spear of venom
Missiles
 o - a throwing net
 x - 6 silver javelins (quivered)
 J - 3 curare-tipped darts
Armour
 j - a +0 buckler (worn)
 k - the +1 pair of boots of Calculation (worn) {Will++}
   (You found it in a Gauntlet)

   Will:      It greatly increases your willpower.
 p - a +2 pair of gloves of dexterity (worn)
 q - the +0 plate armour of the Game of Kings (worn) {rElec Str+2 Int+2}
   (You found it on level 6 of the Lair of Beasts)

   Str:       It affects your strength (+2).
   Int:       It affects your intelligence (+2).
   rElec:     It insulates you from electricity.
 z - a +0 helmet (worn)
 H - a scarf of resistance (worn)
Jewellery
 g - a +4 ring of slaying (right hand)
 n - a ring of protection from fire
 v - a ring of resist corrosion
 A - a ring of protection from fire
 D - a ring of ice
 I - a ring of ice
 P - the ring "Gotaerao" (left hand) {rPois Str+4 Int+6}
   (You acquired it on level 5 of the Lair of Beasts)

   [ring of intelligence]

   Str:       It affects your strength (+4).
   Int:       It affects your intelligence (+6).
   rPois:     It protects you from poison.
 Y - an amulet of reflection (around neck)
Wands
 c - a wand of mindburst (6)
 e - a wand of charming (9)
 y - a wand of digging (9)
 C - a wand of quicksilver (18)
 M - a wand of iceblast (22)
 U - a wand of polymorph (6)
Scrolls
 h - 4 scrolls of poison
 m - 3 scrolls of fear
 r - 5 scrolls of teleportation
 t - 6 scrolls of fog
 F - a scroll of magic mapping
 T - 2 scrolls of silence
 X - 2 scrolls of summoning
Potions
 f - 6 potions of haste
 i - 6 potions of lignification
 l - 2 potions of heal wounds
 s - 2 potions of resistance
 w - 3 potions of cancellation
 B - 2 potions of flight
 E - 6 potions of might
 L - 9 potions of curing
 O - a potion of invisibility
 R - 6 potions of attraction
 S - 3 potions of berserk rage
 V - 2 potions of ambrosia
Miscellaneous
 u - a piece from Xom's chessboard (15/15)
 G - a phantom mirror
 N - a phial of floods


   Skills:
 * Level 18.0 Fighting
 - Level 18.0 Axes
 * Level 13.1 Armour
 - Level 3.0 Shields
 + Level 6.5 Spellcasting


You had 28 spell levels left.
You didn't know any spells.
Your spell library contained the following spells:

 Spells                   Type           Power      Damage    Failure   Level
 Freeze                   Ice            32%        1d5       38%         1
 Sandblast                Erth           16%        2d6       38%         1
 Sting                    Tmut/Pois      32%        1d4       38%         1
 Ensorcelled Hibernation  Hex/Ice        16%        N/A       54%         2
 Passwall                 Tmut/Erth      6%         N/A       54%         2
 Poisonous Vapours        Pois/Air       16%        N/A       54%         2
 Static Discharge         Conj/Air       8%         N/A       54%         2
 Confusing Touch          Hex            8%         N/A       77%         3
 Frozen Ramparts          Ice            16%        1d3       77%         3
 Gell's Gravitas          Tloc           8%         N/A       77%         3
 Ignite Poison            Fire/Tmut/Pois 8%         N/A       77%         3
 Mephitic Cloud           Conj/Pois/Air  8%         N/A       77%         3
 Spider Form              Tmut/Pois      8%         N/A       77%         3
 Stone Arrow              Conj/Erth      16%        3d8       77%         3
 Teleport Other           Tloc           8%         N/A       77%         3
 Tukima's Dance           Hex            8%         N/A       77%         3
 Anguish                  Hex/Necr       4%         N/A       99%         4
 Fulminant Prism          Conj/Hex       4%         3d6       99%         4
 Hailstorm                Conj/Ice       8%         3d4       99%         4
 Ice Form                 Ice/Tmut       8%         N/A       99%         4
 Iskenderun's Mystic Bla  Conj/Tloc      8%         2d4       99%         4
 Olgreb's Toxic Radiance  Pois           8%         N/A       99%         4
 Passage of Golubria      Tloc           8%         N/A       99%         4
 Petrify                  Tmut/Erth      8%         N/A       99%         4
 Blade Hands              Tmut           4%         N/A       100%        5
 Freezing Cloud           Conj/Ice/Air   4%         6-21      100%        5
 Irradiate                Conj/Tmut      4%         3d14      100%        5
 Lee's Rapid Deconstruct  Erth           4%         3d6*      100%        5
 Lightning Bolt           Conj/Air       4%         1d15      100%        5
 Metabolic Englaciation   Hex/Ice        4%         N/A       100%        5
 Yara's Violent Unravell  Hex/Tmut       4%         3d4       100%        5
 Dispersal                Tloc           4%         N/A       100%        6
 Simulacrum               Ice/Necr       4%         N/A       100%        6
 Statue Form              Tmut/Erth      5%         N/A       100%        6
 Dragon Form              Tmut           4%         N/A       100%        7
 Enfeeble                 Hex            4%         N/A       100%        7
 Disjunction              Tloc           4%         N/A       100%        8
 Maxwell's Capacitive Co  Air            4%         ∞         100%        8


Dungeon Overview and Level Annotations

Branches:
Dungeon (15/15)            Temple (1/1) D:4            Lair (6/6) D:8
 Shoals (0/4) Lair:4        Snake (4/4) Lair:4          Orc (2/2) D:10
    Elf (3/3) Orc:2        Vaults (0/5) D:14         Depths (0/4) D:15
  Sewer (visited)         Gauntlet (visited)
  Slime: Lair:5-6

Shops:
D:3 [   D:15 *   Orc:2 :(*(   Elf:1 (   Snake:1 !

Portals:
Trove: D:12 (give +6 demon whip)

Annotations:
D:12 2 transporters, Patoropollo's ghost, journeyman MiFi
Lair:5 exclusion: 4 oklob plants
Snake:1 Roxanne
Elf:2 3 runed translucent doors


Innate Abilities, Weirdness & Mutations

You have an increased reservoir of magic. (+10% MP)
You shall have no god before yourself.
Your divine heritage dramatically boosts your attributes as you level up.


Message History

Okay, then.
You feel yourself speed up.
The +0 hand axe of electrocution hits you but does no damage.
The +2 glaive of freezing hits you from afar!
* * * LOW HITPOINT WARNING * * *
The +2 glaive of freezing freezes you.
* * * LOW HITPOINT WARNING * * *
The +0 battleaxe of flaming hits you!!
* * * LOW HITPOINT WARNING * * *
The +0 battleaxe of flaming burns you.
* * * LOW HITPOINT WARNING * * *
The deep elf zephyrmancer mumbles some strange words.
The deep elf zephyrmancer blinks!
The deep elf zephyrmancer hits you with a +0 dagger.
* * * LOW HITPOINT WARNING * * *
The +0 hand axe of electrocution hits you.
* * * LOW HITPOINT WARNING * * *
Unknown command.
Unknown command.
Unknown command.
Unknown command.
Unknown command.
Unknown command.
Unknown command.
Unknown command.
Unknown command.
Unknown command.
Unknown command.
Unknown command.
Unknown command.
Unknown command.
Press: ? - help, v - describe, . - travel The floor.
Unknown command.
Unknown command.
Unknown command.
Unknown command.
The deep elf knight points at you and mumbles some strange words.
The shard of ice hits you!! You partially resist.
You die...

### .### #... .#...#
.## #...#
...#.....#...##...#
.....#.......#......#
....#.........#....#
..#...........#..#
#............@#
#.........(e..#
#........((e#..#
#...(....(#(...#
...#.......#......#
.......#.....#........#
........#...#..........
.........###....§......
..e..(... .e........


You could see a deep elf knight (fast), a deep elf zephyrmancer and 5 dancing
weapons.

Vanquished Creatures
  Rupert (Snake:2)
  Mlioglotl (Snake:3)
  An orc warlord (Orc:2)
  Nessos (Lair:6)
  A minotaur (Gauntlet)
  A deep elf annihilator (Elf:2)
  A deep elf death mage (Elf:1)
  A deep elf high priest (Elf:1)
  5 hydras
  4 ogre magi (Orc:2)
  Erica (D:10)
  3 anacondas
  2 boulder beetles (D:15)
  9 naga warriors
  2 catoblepae
  9 dancing weapons
  18 two-headed ogres
  A shock serpent (Snake:2)
  2 naga sharpshooters
  18 deep elf knights
  A sea snake (shapeshifter) (D:15)
  A salamander mystic (Lair:4)
  3 naga ritualists
  A wizard (D:15)
  10 deep elf archers
  A glowing orange brain (D:15)
  An orc knight (Orc:2)
  15 deep elf pyromancers
  3 mana vipers
  12 ugly things
  19 deep elf zephyrmancers
  2 wolf spiders (Lair:6)
  An orc sorcerer (Orc:2)
  3 cyclopes
  13 slime creatures
  5 salamanders
  8 guardian serpents
  2 merfolk sirens (Lair:4)
  A salamander (shapeshifter) (Elf:1)
  16 elephants
  Joseph (D:10)
  15 black mambas
  A torpor snail (Lair:6)
  11 naga magi
  19 cane toads
  An unseen horror (D:11)
  An unseen horror (shapeshifter) (D:15)
  12 komodo dragons
  2 efreet
  11 polar bears
  3 hornets
  7 trolls
  2 raiju (Lair:6)
  22 blink frogs
  18 dream sheep
  A shadow (D:8)
  10 wyverns
  Eustachio (D:5)
  56 yaks
  A vampire (D:11)
  3 wraiths
  7 fire elementals
  2 water elementals
  2 redbacks (Lair:6)
  5 basilisks
  15 vampire mosquitoes
  7 wargs
  25 nagas
  2 acid dragons
  15 hell hounds (Lair:6)
  22 water moccasins
  Pargi (Sewer)
  13 black bears
  A swamp drake (D:8)
  15 orc warriors
  3 ice beasts
  3 sky beasts
  34 ogres
  31 wolves
  A phantom (D:4)
  2 centaurs
  5 kobold brigands
  9 bullfrogs
  6 gnoll sergeants
  4 earth elementals
  A scorpion (D:5)
  12 wights
  2 howler monkeys
  2 electric eels (Lair:5)
  5 hounds
  A jelly (D:3)
  7 orc priests
  4 iguanas
  11 orc wizards
  4 hell rats (Lair:4)
  23 gnolls
  10 adders
  2 shadow imps
  2 ufetubi
  4 worms
  48 orcs
  9 ball pythons
  4 bats
  10 endoplasms
  5 giant cockroaches
  11 goblins
  6 hobgoblins
  5 jackals
  9 quokkas
  11 frilled lizards
  25 kobolds
  8 rats
869 creatures vanquished.

Vanquished Creatures (collateral kills)
  A balrug (Gauntlet)
  2 hell hounds (Gauntlet)
3 creatures vanquished.

Vanquished Creatures (others)
  A deep elf pyromancer (Elf:2)
  36 fungi
  126 plants
163 creatures vanquished.

Grand Total: 1035 creatures vanquished

Notes
Turn   | Place    | Note
-------+----------+-------------------------------------------
     0 | D:1      | drugrobin the Demigod Fighter began the quest for the Orb.
     0 | D:1      | Reached XP level 1. HP: 18/18 MP: 3/3
   337 | D:1      | Reached XP level 2. HP: 25/25 MP: 4/4
   705 | D:1      | Reached XP level 3. HP: 19/31 MP: 5/5
  1907 | D:2      | Reached XP level 4. HP: 36/38 MP: 6/6
  2456 | D:3      | Found a glowing drain.
  2499 | D:3      | Reached XP level 5. HP: 27/46 MP: 7/7
  2516 | Sewer    | Entered a sewer
  2808 | Sewer    | Noticed Pargi
  2825 | Sewer    | Killed Pargi
  3072 | D:3      | Found Weicac's Antique Armour Shoppe.
  3243 | D:3      | Reached XP level 6. HP: 51/52 MP: 8/8
  3578 | D:4      | Reached skill level 5 in Axes
  3581 | D:4      | Found a staircase to the Ecumenical Temple.
  3996 | D:4      | Reached XP level 7. HP: 52/60 MP: 9/9
  4642 | Temple   | Entered the Ecumenical Temple
  4675 | D:5      | Entered Level 5 of the Dungeon
  4718 | D:5      | Noticed Eustachio
  4769 | D:5      | Reached skill level 5 in Fighting
  5395 | D:6      | Reached XP level 8. HP: 65/70 MP: 10/10
  5998 | D:5      | Killed Eustachio
  6982 | D:7      | Reached XP level 9. HP: 79/79 MP: 11/11
  7628 | D:7      | Reached skill level 10 in Axes
  7933 | D:8      | Noticed a komodo dragon
  7954 | D:8      | Killed a komodo dragon
  8116 | D:8      | Noticed a komodo dragon
  8141 | D:8      | Killed a komodo dragon
  8169 | D:8      | Found a staircase to the Lair.
  8191 | D:8      | Noticed a komodo dragon
  8206 | D:8      | Killed a komodo dragon
  8459 | D:8      | Reached XP level 10. HP: 69/90 MP: 13/13
  9275 | D:9      | Noticed a two-headed ogre
  9696 | D:9      | Killed a two-headed ogre
 10081 | D:10     | Entered Level 10 of the Dungeon
 10088 | D:10     | Noticed Erica
 10187 | D:10     | Killed Erica
 10362 | D:10     | Noticed Joseph
 10376 | D:10     | Killed Joseph
 10841 | D:10     | Found a staircase to the Orcish Mines.
 11568 | D:11     | Reached XP level 11. HP: 53/99 MP: 14/14
 12182 | D:11     | Reached skill level 10 in Fighting
 12648 | Lair:1   | Entered Level 1 of the Lair of Beasts
 16470 | Lair:3   | Reached skill level 15 in Axes
 17316 | Lair:3   | Reached XP level 12. HP: 108/110 MP: 15/15
 17459 | Lair:3   | Noticed a six-headed hydra
 19143 | Lair:3   | Killed a six-headed hydra
 20420 | Lair:4   | Found a staircase to the Snake Pit.
 21194 | Lair:4   | Found a staircase to the Shoals.
 21318 | Lair:4   | Noticed an eight-headed hydra
 21351 | Lair:4   | HP: 5/113 [cloud of poison gas (2)]
 21351 | Lair:4   | HP: 2/113 [poisoned by you (poison gas)]
 22911 | Lair:5   | Reached XP level 13. HP: 101/119 MP: 16/16
 24385 | Lair:5   | Identified a scroll of acquirement
 24386 | Lair:5   | Acquired the ring "Gotaerao" {rPois Str+4 Int+6}
 24706 | Lair:6   | Entered Level 6 of the Lair of Beasts
 24747 | Lair:6   | Found a gate leading to a gauntlet.
 24773 | Gauntlet | Entered a Gauntlet
 24773 | Gauntlet | Found a large runed translucent door.
 24773 | Gauntlet | Found a large runed translucent door.
 24773 | Gauntlet | Found a large runed translucent door.
 24773 | Gauntlet | Found a large runed translucent door.
 24773 | Gauntlet | Found a runed translucent door.
 24773 | Gauntlet | Found a large runed translucent door.
 24773 | Gauntlet | Found a large runed translucent door.
 24773 | Gauntlet | Found a large runed translucent door.
 24773 | Gauntlet | Found a large runed translucent door.
 24773 | Gauntlet | Found a runed translucent gate.
 24780 | Gauntlet | Found a transporter.
 24780 | Gauntlet | Found a runed translucent gate.
 24780 | Gauntlet | Found a transporter.
 24782 | Gauntlet | Found a runed translucent gate.
 24786 | Gauntlet | Noticed a balrug
 24788 | Gauntlet | Found a transporter.
 24820 | Gauntlet | Found a large runed translucent door.
 24820 | Gauntlet | Found a large runed translucent door.
 24821 | Gauntlet | Found a large runed translucent door.
 24822 | Gauntlet | Found a large runed translucent door.
 24823 | Gauntlet | Found a large runed translucent door.
 24823 | Gauntlet | Found a large runed translucent door.
 24823 | Gauntlet | Found a runed translucent door.
 24824 | Gauntlet | Found a large runed translucent door.
 24825 | Gauntlet | Found a large runed translucent door.
 24827 | Gauntlet | Found a transporter.
 24847 | Gauntlet | Found a transporter.
 24855 | Gauntlet | Found a transporter.
 24865 | Gauntlet | Found a transporter.
 24874 | Gauntlet | Found the necklace of Bloodlust {*Rage Will++ Int-3 Slay+6}
 24880 | Gauntlet | Found a transporter.
 24894 | Gauntlet | Found a transporter.
 24905 | Gauntlet | Found a transporter.
 24908 | Gauntlet | Found a transporter.
 24932 | Gauntlet | Found a transporter.
 25124 | Gauntlet | Identified the +1 pair of boots of Calculation {Will++}
 25323 | Gauntlet | Killed a balrug
 25465 | Gauntlet | Identified the ring of Yrchuas {Fly rPois Dex+2}
 25465 | Gauntlet | Noticed a minotaur
 25477 | Gauntlet | Killed a minotaur
 26761 | Lair:6   | Noticed Nessos
 26940 | Lair:6   | Killed Nessos
 28974 | Lair:6   | Reached skill level 5 in Armour
 29653 | Lair:6   | Reached XP level 14. HP: 100/132 MP: 17/17
 29762 | Lair:6   | Identified the +9 dagger of Nuasut {vorpal, rPois Will-
                  | MP+9 SInv}
 29879 | Lair:6   | Identified the +0 plate armour of the Game of Kings {rElec
                  | Str+2 Int+2}
 31272 | Snake:1  | Entered Level 1 of the Snake Pit
 31626 | Snake:1  | Found Zataa's Distillery.
 31631 | Snake:1  | Bought a potion of degeneration for 15 gold pieces
 31632 | Snake:1  | Bought a potion of flight for 45 gold pieces
 31637 | Snake:1  | Bought a potion of berserk rage for 75 gold pieces
 31637 | Snake:1  | Bought 2 potions of lignification for 90 gold pieces
 31637 | Snake:1  | Bought a potion of curing for 45 gold pieces
 32193 | Snake:1  | Identified Roxanne's Catalogue of Moulding
 32193 | Snake:1  | Noticed Roxanne
 32321 | Snake:1  | HP: 4/133 [salamander/+0 spear (9)]
 32959 | D:12     | Identified the +0 robe of Depression {SInv}
 33342 | D:12     | Reached skill level 15 in Fighting
 33521 | D:12     | Found a portal to a secret trove of treasure.
 33559 | D:12     | Found a transporter.
 33559 | D:12     | Noticed Patoropollo's ghost (journeyman MiFi)
 34500 | D:12     | Found a transporter.
 35526 | D:14     | Found a gate to the Vaults.
 35823 | D:14     | Reached skill level 1 in Spellcasting
 36476 | D:15     | Entered Level 15 of the Dungeon
 36509 | D:15     | Found Ysirgh's Assorted Antiques.
 36537 | D:15     | Bought an orange potion for 19 gold pieces
 36537 | D:15     | Bought a glowing scarf for 176 gold pieces
 37019 | D:15     | Found a staircase to the Depths.
 37895 | Orc:1    | Entered Level 1 of the Orcish Mines
 37895 | Orc:1    | You fall into a shaft and drop 1 floor!
 37895 | Orc:2    | Entered Level 2 of the Orcish Mines
 38596 | Orc:2    | Reached XP level 15. HP: 121/143 MP: 22/22
 39137 | Orc:2    | Reached skill level 10 in Armour
 39562 | Orc:2    | Found Gioja's Antique Weapon Boutique.
 39562 | Orc:2    | Found Qeydum's Antique Weapon Emporium.
 39563 | Orc:2    | Found Roagoqiu's Book Shoppe.
 39563 | Orc:2    | Found Poddua's General Store.
 39570 | Orc:2    | Bought a runed broad axe for 182 gold pieces
 40674 | Orc:2    | Found a staircase to the Elven Halls.
 40899 | Elf:1    | Entered Level 1 of the Elven Halls
 41377 | Elf:1    | Found Tiuweuh's Weapon Shoppe.
 44347 | Snake:1  | Reached skill level 5 in Spellcasting
 45873 | Snake:1  | Noticed Rupert
 46334 | Snake:2  | Reached XP level 16. HP: 155/155 MP: 28/28
 46951 | Snake:2  | Killed Rupert
 47606 | Snake:2  | Upgraded the game from 0.29-a0-717-g6dac4ea423 to
                  | 0.29-a0-721-g7f417c9bbb
 49132 | Snake:3  | Noticed Mlioglotl
 49133 | Snake:3  | Noticed a tentacled starspawn
 49170 | Snake:3  | Killed Mlioglotl
 49400 | Snake:4  | Entered Level 4 of the Snake Pit
 50742 | Elf:2    | Found a runed translucent gate.
 50744 | Elf:2    | Found a runed translucent gate.
 50749 | Elf:2    | Found a runed translucent gate.
 51335 | Elf:3    | Entered Level 3 of the Elven Halls
 51902 | Elf:2    | Killed from afar by a deep elf knight

Illustrated notes

Levels and vault maps discovered:
D:1:      dpeg_arrival_arbitrary_a, layout_basic
D:2:      layout_basic, ebering_ecumenical_altar_box
D:3:      layout_basic, serial_shops, shop, portal_sewer_entry_f,
          serial_bayou_ford_a, minmay_checkerbox
D:4:      layout_basic, minmay_temple_entry_mini_moons, grunt_ministairs_6
D:5:      layout_loops_ring, grunt_temple_overflow_growth_and_decay,
          nicolae_qazlal_general_emergency, uniq_eustachio
D:6:      layout_basic, cheibrodos_worm_habitat,
          mainiacjoe_overflow_concentric_impassable, kennysheep_boxes
D:7:      layout_basic, lemuel_round_altar
D:8:      layout_rooms, erik_lair_dragon
D:9:      nicolae_cairo_tiling_very_big, layout_irregular_city,
          mainiacjoe_overflow_small_starburst
D:10:     layout_roguey, kennysheep_orc_monster_closet_entryway, uniq_erica,
          uniq_joseph
D:11:     minmay_angry_zag, layout_rooms, serial_glass, glass_columns_c,
          glass_columns_b, glass_columns_b
D:12:     layout_roguey, enter_trove_0, gammafunk_ghost_mausoleum
D:13:     layout_basic
D:14:     layout_cave_pools, erik_vaults_1, infiniplex_staircase_split_hallway
D:15:     gammafunk_enter_depths_forms, layout_loops_ring, serial_shops,
          nicolae_diamond_shop, okawaru_gym_becter
Temple:   regret_index_temple_generic_petals
Lair:1:   layout_regular_city, st_stairs_13
Lair:2:   layout_gridlike
Lair:3:   layout_chaotic_city
Lair:4:   cheibrodos_lair_river_kwai, layout_misc_corridors,
          elwin_shoals_entry_rooms, dummy_snake_entry
Lair:5:   layout_gridlike, minmay_slime_entry_oklob_enclosed,
          infiniplex_staircase_pool
Lair:6:   hangedman_lair_tendril_chambers, layout_regular_city,
          hangedman_lair_caniforms_friends, gauntlet_entry_generic,
          nicolae_quartered_pool_little, uniq_nessos
Snake:1:  layout_rooms, serial_shops, nicolae_shop_advertising_works
          [nicolae_subvault_shop_adworks], basic_altar, grunt_megastairs_3,
          uniq_rupert, uniq_roxanne
Snake:2:  layout_rooms
Snake:3:  nrook_guardian_serpent_snake_passage, layout_chambers, uniq_mlioglotl
Snake:4:  johnstein_snake_rune_scales, layout_layer_cave, grunt_megastairs_5,
          uniq_aizul, uniq_kirke
Orc:1:    layout_caves
Orc:2:    st_orc_ogre_mass, layout_caves, nicolae_orc_tapped_out
Elf:1:    elf_arrival_002, layout_loops_corners, serial_shops,
          nicolae_shop_hallway_stairs, kennysheep_underground_church
Elf:2:    nicolae_elf_blades_splatter_lattice
          [nicolae_vaults_blade_armed_guards], layout_geoelf_diagonals
Elf:3:    minmay_elf_hall, layout_loops_corners, basic_altar

Skill      XL: |  1  2  3  4  5  6  7  8  9 10 11 12 13 14 15 16 |
---------------+-------------------------------------------------+-----
Axes           | 2 3 4 5 7 9 11 13 15 16 18 | 18.0
Fighting       | 3 4 5 7 8 9 11 12 14 15 17 18 | 18.0
Armour         | 3 5 9 11 13 | 13.1
Shields        | 3 |  3.0
Spellcasting   | 2 5 6 |  6.5

Action                   |  1- 3 |  4- 6 |  7- 9 | 10-12 | 13-15 | 16-18 || total
-------------------------+-------+-------+-------+-------+-------+-------++-------
Melee: War axe           |   155 |   237 |    42 |   117 |    38 |       ||   589
       Flail             |       |       |   423 |   738 |    27 |       ||  1188
       Rapier            |       |       |     3 |   222 |       |       ||   225
       Hand axe          |       |       |       |     5 |       |       ||     5
       Scimitar          |       |       |       |     4 |       |       ||     4
       Demon whip        |       |       |       |       |  1495 |   339 ||  1834
       Spear             |       |       |       |       |     8 |       ||     8
Throw: Boomerang         |       |     3 |     8 |    16 |     2 |       ||    29
       Dart              |       |       |    15 |     9 |     1 |     1 ||    26
       Throwing net      |       |       |       |     2 |       |       ||     2
       Javelin           |       |       |       |       |     4 |       ||     4
Evoke: Wand              |       |       |     2 |    21 |     9 |     1 ||    33
       Phial of floods   |       |       |       |       |     1 |       ||     1
       Phantom mirror    |       |       |       |       |       |     1 ||     1
       Piece from Xom's  |       |       |       |       |       |     1 ||     1
  Use: Potion            |       |     1 |     1 |     5 |     2 |     1 ||    10
       Scroll            |       |       |     7 |     5 |    24 |     5 ||    41
 Stab: Sleeping          |       |       |     1 |       |       |       ||     1
       Distracted        |       |       |       |       |       |     1 ||     1
Armor: Scale mail        |    65 |    77 |       |   458 |    35 |       ||   635
       Troll leather arm |       |    45 |   209 |    71 |       |       ||   325
       Plate armour      |       |       |       |       |   461 |    93 ||   554
Dodge: Dodged            |    89 |   138 |   212 |   475 |   265 |    49 ||  1228
Block: Buckler           |    43 |    61 |    77 |   440 |   461 |    76 ||  1158
       Reflection        |       |       |       |     2 |    25 |    14 ||    41

Table legend: (Time is in decaauts)
 A = Elapsed time spent in this place.
 B = Non-inter-level travel time spent in this place.
 C = Inter-level travel time spent in this place.
 D = Time resting spent in this place.
 E = Time spent auto-exploring this place.
 F = Levels seen in this place.
 G = Mean time per level.
                   A        B        C        D        E       F      G
               +--------+--------+--------+--------+--------+-----+--------+
         Total |  51531 |  47812 |   3719 |  14693 |  21712 |  33 | 1561.5 |
       Dungeon |  17723 |  16087 |   1636 |   2467 |   8984 |  15 | 1181.5 |
        Temple |      1 |      1 |      0 |      0 |      0 |   1 |    1.0 |
          Lair |  19189 |  17650 |   1539 |   7856 |   6560 |   6 | 3198.2 |
     Snake Pit |   4869 |   4649 |    220 |   1261 |   2275 |   4 | 1217.2 |
  Orcish Mines |   3384 |   3175 |    209 |   1043 |   1326 |   2 | 1692.0 |
   Elven Halls |   4760 |   4646 |    114 |   1714 |   1886 |   3 | 1586.7 |
         Sewer |    536 |    536 |      0 |    135 |    225 |   1 |  536.0 |
      Gauntlet |   1065 |   1065 |      0 |    216 |    455 |   1 | 1065.0 |
               +--------+--------+--------+--------+--------+-----+--------+

Top non-repeatable levels by time:
  Lair:4: 5241 daAuts
  Lair:6: 3801 daAuts
  Lair:2: 3436 daAuts
   Elf:1: 2715 daAuts
  Lair:3: 2561 daAuts
   Orc:2: 2310 daAuts
  Lair:5: 2219 daAuts
     D:8: 2071 daAuts
 Snake:1: 2021 daAuts
  Lair:1: 1928 daAuts
 Snake:3: 1703 daAuts
    D:10: 1567 daAuts
   Elf:2: 1503 daAuts
     D:4: 1502 daAuts
     D:9: 1331 daAuts
